 Dungeon Crawl Stone Soup version 0.28.0-45-g0d030f2227 (webtiles) character file.

Game seed: 9721604322419187539

217 sanboga the Skirmisher (level 5, -2/33 HPs)
             Began as a Gargoyle Fighter on Apr 7, 2022.
             Slain by a wyvern zombie (10 damage)
             ... on level 4 of the Dungeon.
             The game lasted 00:02:18 (2875 turns).

sanboga the Skirmisher (Gargoyle Fighter)           Turns: 2875, Time: 00:02:19

Health: -2/33      AC: 11    Str: 21    XL:     5   Next: 94%
Magic:  5/5        EV:  9    Int:  9    God:
Gold:   121        SH:  5    Dex: 15    Spells: 4/4 levels left

rFire   . . .      SeeInvis .   a - +0 war axe
rCold   . . .      Faith    .   c - +0 buckler
rNeg    + . .      Spirit   .   b - +0 scale mail
rPois   ∞          Reflect  .   (no helmet)
rElec   +          Harm     .   (no cloak)
rCorr   .          Rampage  .   (no gloves)
Will    .....                   (no boots)
Stlth   ..........              (no amulet)
HPRegen 0.11/turn               p - +6 ring of dexterity
MPRegen 0.09/turn               (no ring)

@: no status effects
A: sickness immunity, AC +4, negative energy resistance 1, electricity
resistance, torment resistance 1, petrification resistance
a: no special abilities


You were on level 4 of the Dungeon.
You visited 1 branch of the dungeon, and saw 4 of its levels.

You collected 121 gold pieces.

Inventory:

Hand Weapons
 a - a +0 war axe (weapon)
Armour
 b - a +0 scale mail (worn)
 c - a +0 buckler (worn)
Jewellery
 p - a +6 ring of dexterity (left hand)
Scrolls
 e - 2 scrolls of blinking
 h - a scroll of fog
 i - 2 scrolls of immolation {unknown}
 j - 2 scrolls of amnesia {unknown}
 k - a scroll of vulnerability {unknown}
 l - a scroll of teleportation {unknown}
 n - a scroll of magic mapping {unknown}
 o - a scroll of holy word {unknown}
 q - a scroll of enchant armour {unknown}
 r - a scroll of silence {unknown}
Potions
 d - 2 potions of might
 f - 2 potions of ambrosia {unknown}
 g - 2 potions of curing {unknown}
 m - a potion of degeneration {unknown}
 s - a potion of cancellation {unknown}


   Skills:
 + Level 4.3 Fighting
 * Level 3.6 Axes
 + Level 4.2 Armour
 + Level 4.2 Shields


You had 4 spell levels left.
You didn't know any spells.
Your spell library contained the following spells:

 Spells                   Type           Power      Damage    Failure   Level
 Stone Arrow              Conj/Erth      0%         3d7       99%         3
 Animate Armour           Summ/Erth      0%         N/A       100%        4
 Lehudib's Crystal Spear  Conj/Erth      0%         10d2      100%        8


Dungeon Overview and Level Annotations

Branches:
Dungeon (4/15)
 Temple: D:4-7

Altars:
Ru


Innate Abilities, Weirdness & Mutations

You are immune to sickness and miasma.
Your stone body is resilient. (AC +4)
You are immune to poison.
You resist negative energy. (rN+)
You are resistant to electric shocks. (rElec)
You are resistant to unholy torment.
You are immune to petrification.


Message History

You slide downwards.
The hatch slams shut behind you.
Found 16 stones.
You now have 121 gold pieces (gained 11).
d - 2 potions of might (gained 1)
A wyvern zombie and a scorpion come into view.
Found 18 sling bullets.
There are monsters nearby!
There are monsters nearby!
A goblin comes into view. It is wielding a +0 club.
The goblin shouts!
You hit the wyvern zombie.
The wyvern zombie is lightly damaged.
You block the wyvern zombie's attack. The wyvern zombie bites you!
You hit the wyvern zombie but do no damage.
The wyvern zombie is lightly damaged.
The wyvern zombie bites you but does no damage.
The wyvern zombie completely misses you.
You slash the wyvern zombie!
The wyvern zombie is moderately damaged.
The wyvern zombie bites you. The scorpion barely misses you.
You block the goblin's attack.
You barely miss the wyvern zombie.
The wyvern zombie is moderately damaged.
You barely miss the scorpion. You hit the goblin.
You kill the goblin!
The wyvern zombie bites you. You block the scorpion's attack.
The wyvern zombie bites you but does no damage.
The scorpion stings you but does no damage.
You slash the wyvern zombie!
The wyvern zombie is heavily damaged.
You barely miss the scorpion. The wyvern zombie bites you.
The scorpion stings you but does no damage.
The wyvern zombie bites you but does no damage.
You hit the wyvern zombie.
The wyvern zombie is severely damaged.
You hit the scorpion but do no damage. The scorpion barely misses you.
The wyvern zombie bites you!
* * * LOW HITPOINT WARNING * * *
The scorpion barely misses you. The wyvern zombie bites you!
You die...

. .## #........# ..# ...
#......... ..# .......#
#......... ..#
.......###.........
..#####..##..##(........
.....##.................
..##..#....#....Z.......
..###.#......#..@)......
..# #.#.....###.s.......
..# #...................
..# ###.................
### #....####.........
#....# #......... #....#
#......... #..(.#
##........ ######
#......


You could see a scorpion and a wyvern zombie.

Vanquished Creatures
  A water moccasin zombie (D:3)
  Natasha (thrice) (D:2)
  3 adders
  5 dart slugs
  A worm (D:2)
  3 bats
  3 endoplasms
  4 giant cockroaches
  6 goblins
  9 hobgoblins
  5 ball pythons
  3 kobolds (D:1)
  4 rats
50 creatures vanquished.

Notes
Turn   | Place    | Note
-------+----------+-------------------------------------------
     0 | D:1      | sanboga the Gargoyle Fighter began the quest for the Orb.
     0 | D:1      | Reached XP level 1. HP: 14/14 MP: 1/1
   143 | D:1      | Reached XP level 2. HP: 19/19 MP: 2/2
   766 | D:1      | Reached XP level 3. HP: 23/23 MP: 3/3
  1059 | D:2      | Noticed Natasha
  1077 | D:2      | Killed Natasha
  1078 | D:2      | Reached XP level 4. HP: 16/29 MP: 4/4
  1109 | D:2      | Noticed Natasha
  1117 | D:2      | Killed Natasha
  1848 | D:2      | Reached XP level 5. HP: 30/33 MP: 5/5
  1934 | D:2      | Noticed Natasha
  1948 | D:2      | Killed Natasha
  2434 | D:3      | Found a sacrificial altar of Ru.
  2875 | D:4      | Slain by a wyvern zombie

Illustrated notes

Levels and vault maps discovered:
D:1:      dpeg_arrival_signposts, layout_basic
D:2:      layout_loops_corners, kennysheep_doodads, uniq_natasha
D:3:      layout_basic, lemuel_doored_altar, kennysheep_donut
D:4:      gammafunk_wand_slinger, layout_rooms, uniq_edmund

Skill      XL: |  1  2  3  4  5 |
---------------+----------------+-----
Axes           | 2 3 |  3.6
Fighting       | 4 |  4.3
Armour         | 4 |  4.2
Shields        | 4 |  4.2

Action                   |  1- 3 |  4- 6 || total
-------------------------+-------+-------++-------
Melee: War axe           |   103 |    84 ||   187
  Use: Scroll            |       |     2 ||     2
Armor: Scale mail        |    59 |    37 ||    96
Dodge: Dodged            |    61 |    34 ||    95
Block: Buckler           |    19 |    16 ||    35
